 Dungeon Crawl Stone Soup version 0.27.1-33-g824d729ab1 (webtiles) character file.

Game seed: 4426782423581135595

1787 markt42 the Cudgeller (level 9, 0/48 HPs)
             Began as a Gargoyle Fighter on Dec 31, 2021.
             Slain by an orc warrior (8 damage)
             ... on level 5 of the Dungeon.
             The game lasted 00:05:40 (6363 turns).

markt42 the Cudgeller (Gargoyle Fighter)            Turns: 6363, Time: 00:05:41

Health: 0/48       AC: 14    Str: 20    XL:     9   Next: 8%
Magic:  9/9        EV:  8    Int:  9    God:
Gold:   226        SH: 10    Dex: 12    Spells: 8/8 levels left

rFire    + . .     SeeInvis .   m - +0 morningstar
rCold    + + .     Faith    .   c - +0 kite shield
rNeg     + . .     Spirit   .   b - +0 scale mail
rPois    ∞         Reflect  .   (no helmet)
rElec    +         Harm     .   (no cloak)
rCorr    +         Rampage  .   (no gloves)
Will     .....                  (no boots)
Stlth    ..........             (no amulet)
HPRegen  0.16/turn              (no ring)
MPRegen  0.11/turn              (no ring)

@: resistant, attractive
A: sickness immunity, AC +6, negative energy resistance 1, electricity
resistance, torment resistance 1, petrification resistance, cold resistance 1,
frail 1
a: no special abilities


You were on level 5 of the Dungeon.
You visited 1 branch of the dungeon, and saw 5 of its levels.
You also visited: Ossuary.

You collected 226 gold pieces.

Inventory:

Hand Weapons
 m - a +0 morningstar (weapon)
Missiles
 A - a throwing net (quivered)
Armour
 b - a +0 scale mail (worn)
 c - a +0 kite shield (worn)
Jewellery
 y - an amulet of regeneration
Wands
 k - a wand of iceblast (5)
 l - a wand of acid (6)
Scrolls
 e - 8 scrolls of identify {unknown}
 f - 2 scrolls of teleportation {unknown}
 g - 3 scrolls of enchant weapon {unknown}
 i - 3 scrolls of amnesia {unknown}
 n - a scroll of blinking {unknown}
 o - 4 scrolls of enchant armour {unknown}
 t - a scroll of summoning {unknown}
Potions
 s - a potion of degeneration {unknown}
 v - a potion of berserk rage {unknown}
 w - a potion of lignification {unknown}
 z - a potion of haste {unknown}


   Skills:
 + Level 5.3 Fighting
 + Level 7.5 Maces & Flails
 + Level 6.1 Armour
 + Level 2.0 Dodging
 + Level 0.6 Stealth
 + Level 6.8 Shields


You had 8 spell levels left.
You didn't know any spells.
Your spell library contained the following spells:

 Spells                   Type           Power      Damage    Failure   Level
 Animate Skeleton         Necr           0%         N/A       97%         1
 Apportation              Tloc           0%         N/A       97%         1
 Corona                   Hex            0%         N/A       97%         1
 Summon Small Mammal      Summ           0%         N/A       97%         1
 Corpse Rot               Necr/Air       N/A        N/A       99%         2
 Poisonous Vapours        Pois/Air       0%         N/A       99%         2
 Freezing Cloud           Conj/Ice/Air   0%         6-21      100%        5


Dungeon Overview and Level Annotations

Branches:
Dungeon (5/15)            Ossuary (visited)
 Temple: D:4-7

Altars:
Dithmenos
Hepliaklqana
Ru
Sif Muna
Trog
Uskayaw

Shops:
D:4 (*=


Innate Abilities, Weirdness & Mutations

You are immune to sickness and miasma.
Your stone body is resilient. (AC +6)
You are immune to poison.
You resist negative energy. (rN+)
You are resistant to electric shocks. (rElec)
You are resistant to unholy torment.
You are immune to petrification.
Your flesh is cold resistant. (rC+)
You are frail. (-10% HP)


Message History

The orc hits you but does no damage.
The orc wizard hits you but does no damage.
The orc warrior hits you from afar with a +0 trident!
* * * LOW HITPOINT WARNING * * *
It was a potion of attraction.
You feel attractive to monsters. The orc hits you but does no damage.
The orc wizard closely misses you. The orc warrior closely misses you.
It was a potion of curing.
You feel better.
You feel less invigorated. The orc hits you but does no damage.
The orc wizard hits you with a +0 dagger.
The orc warrior hits you from afar with a +0 trident!
* * * LOW HITPOINT WARNING * * *
You feel better. The orc closely misses you.
The orc wizard hits you but does no damage.
You block the orc warrior's attack.
You feel better. The orc hits you but does no damage.
You block the orc wizard's attack.
The orc warrior hits you but does no damage.
You thump the orc!
You kill the orc!
You block the orc wizard's attack. The orc warrior barely misses you.
The orc warrior is pulled toward you!
You closely miss the orc warrior.
The orc wizard gestures at you while chanting.
The puff of flame hits you. You resist.
The orc warrior hits you but does no damage.
You barely miss the orc warrior.
The orc wizard hits you but does no damage.
You block the orc warrior's attack. The orc wizard barely misses you.
You closely miss the orc warrior.
The orc warrior hits you with a +0 trident!
* * * LOW HITPOINT WARNING * * *
The orc wizard hits you but does no damage.
You block the orc warrior's attack.
You hit the orc warrior.
The orc warrior is moderately wounded.
You block the orc wizard's attack.
The orc warrior hits you with a +0 trident!
You die...

.......##...##..##
........'........#
...##...#........#
...##..##...##..########
....'..##....)..........
...##..##....###.######.
...##.>##....##.## ## .
#..##....#.###..#
#..#####.#.#@o(# #...
..##o##..# ..#.#.o.8..#
..## #...8.# .$(....
##..#. .# #


You could see an orc warrior and an orc wizard.

Vanquished Creatures
  Sigmund (D:5)
  An ogre (D:5)
  A phantom (D:5)
  10 scorpions
  5 centaur zombies (Ossuary)
  A hound (D:4)
  4 human zombies (Ossuary)
  An orc priest (D:3)
  A bullfrog skeleton (D:3)
  3 iguanas
  6 scorpion zombies
  An orc wizard (D:3)
  A hound skeleton (D:5)
  3 mummies (Ossuary)
  4 gnolls (D:5)
  7 adders
  An adder skeleton (D:5)
  2 dart slugs
  10 orcs
  2 ball pythons
  5 bats (D:1)
  8 endoplasms
  2 giant cockroaches (D:1)
  5 gnoll zombies (Ossuary)
  9 goblins
  11 hobgoblins
  13 jackals
  2 quokkas
  A frilled lizard (D:3)
  A hobgoblin zombie (Ossuary)
  6 kobolds
  2 orc zombies (Ossuary)
  6 rats
136 creatures vanquished.

Notes
Turn   | Place    | Note
-------+----------+-------------------------------------------
     0 | D:1      | markt42 the Gargoyle Fighter began the quest for the Orb.
     0 | D:1      | Reached XP level 1. HP: 14/14 MP: 1/1
    67 | D:1      | Reached XP level 2. HP: 19/19 MP: 2/2
   350 | D:1      | Reached XP level 3. HP: 8/23 MP: 3/3
   598 | D:1      | Found a faded altar of an unknown god.
  1205 | D:2      | Reached XP level 4. HP: 22/28 MP: 4/4
  1982 | D:3      | Reached skill level 3 in Maces & Flails
  2145 | D:3      | Reached skill level 1 in Dodging
  2145 | D:3      | Reached XP level 5. HP: 21/33 MP: 5/5
  2583 | D:3      | Found a hide-covered altar of Uskayaw.
  2586 | D:3      | Found a bloodstained altar of Trog.
  2595 | D:3      | Found a shimmering blue altar of Sif Muna.
  2609 | D:3      | Reached skill level 5 in Shields
  2996 | D:3      | Found a hazy altar of Hepliaklqana.
  3132 | D:3      | Found a sacrificial altar of Ru.
  3477 | D:4      | Found Zoseq's Assorted Antiques.
  3526 | D:4      | Found Kufalote's Weapon Boutique.
  3550 | D:4      | Reached XP level 6. HP: 38/38 MP: 6/6
  3570 | D:4      | Found a sand-covered staircase.
  3576 | Ossuary  | Entered an ossuary
  3715 | Ossuary  | Reached skill level 4 in Maces & Flails
  3715 | Ossuary  | Reached XP level 7. HP: 12/44 MP: 7/7
  4145 | Ossuary  | Reached skill level 5 in Maces & Flails
  4552 | Ossuary  | Reached XP level 8. HP: 40/48 MP: 8/8
  4732 | Ossuary  | Reached skill level 6 in Maces & Flails
  4876 | Ossuary  | Reached skill level 5 in Armour
  5339 | D:4      | Found a shadowy altar of Dithmenos.
  5430 | D:4      | Found Mytwi's Jewellery Boutique.
  5724 | D:5      | Entered Level 5 of the Dungeon
  5779 | D:5      | Noticed Sigmund
  5784 | D:5      | Killed Sigmund
  5785 | D:5      | Reached skill level 5 in Fighting
  5846 | D:5      | Reached skill level 7 in Maces & Flails
  6071 | D:5      | Reached XP level 9. HP: 50/54 MP: 9/9
  6351 | D:5      | Gained mutation: Your flesh is cold resistant. (rC+)
                  | [potion of mutation]
  6351 | D:5      | Gained mutation: You are frail. (-10% HP) [potion of
                  | mutation]
  6354 | D:5      | HP: 1/48 [orc warrior (14)]
  6363 | D:5      | Slain by an orc warrior

Illustrated notes

Levels and vault maps discovered:
D:1:      dpeg_arrival_simpleton_a, layout_rooms, basic_ecumenical_altar,
          serial_corexii_hall, chequers_hall_statues_wall_a,
          corexii_hall_statues_i, corexii_hall_statues_t,
          corexii_hall_statues_s, roderic_three_in_a_row
D:2:      layout_rooms
D:3:      layout_loops_ring, grunt_temple_overflow_cloverleaf,
          lemuel_doored_altar, minmay_misc_feat_alley
D:4:      layout_basic, mainiacjoe_overflow_cross_hatched, serial_shops, shop,
          nicolae_shop_stone, nicolae_take_the_stairs,
          nicolae_ossuary_entry_plus
D:5:      layout_gridville, mainiacjoe_overflow_alcove_1, zin_scriptorium,
          minmay_temple_entry_poolview, guppyfry_early_orc_mine, uniq_sigmund

Skill      XL: |  1  2  3  4  5  6  7  8 |
---------------+-------------------------+-----
Shields        | 4 5 6 |  6.8
Maces & Flails | 3 4 5 7 |  7.5
Dodging        | 1 2 |  2.0
Armour         | 4 6 |  6.1
Fighting       | 4 5 |  5.3
Stealth        | |  0.6

Action                   |  1- 3 |  4- 6 |  7- 9 || total
-------------------------+-------+-------+-------++-------
Melee: Flail             |   136 |   136 |       ||   272
       Morningstar       |       |    56 |   246 ||   302
  Use: Potion            |       |     1 |    11 ||    12
Armor: Scale mail        |   133 |   133 |   162 ||   428
Dodge: Dodged            |    68 |    71 |   113 ||   252
Block: Kite shield       |    98 |   130 |   155 ||   383
